 Dungeon Sprint DCSS version 0.28.0-43-g3370ac3207 (webtiles) character file.

Game seed: 4983928904926517529

825 boopmooplesden the Fighter (level 7, -3/117 HPs)
             Began as a Minotaur Berserker on Mar 15, 2022.
             Was a Priest of Trog.
             Slain by a sun demon (16 damage)
             ... summoned by a kobold demonologist
             ... in the Dungeon (Sprint I: "Red Sonja").
             The game lasted 00:00:52 (468 turns).

boopmooplesden the Fighter (Minotaur Berserker)      Turns: 468, Time: 00:00:53

Health: -3/117     AC:  9    Str: 22    XL:     7   Next: 64%
Magic:  6/6        EV: 13    Int:  4    God:    Trog [***...]
Gold:   270        SH:  0    Dex: 11    Spells: 6/6 levels left

rFire   . . .      SeeInvis .   a - +0 hand axe
rCold   . . .      Faith    .   (no shield)
rNeg    . . .      Spirit   .   j - +3 ring mail
rPois   .          Reflect  .   (helmet restricted)
rElec   .          Harm     .   (no cloak)
rCorr   .          Rampage  .   (no gloves)
Will    .....      NoTele   +   (no boots)
Stlth   ..........              (no amulet)
HPRegen 0.29/turn               (no ring)
MPRegen 0.10/turn               (no ring)

@: berserking (expiring), very quick
A: horns 2, retaliatory headbutt
a: Renounce Religion, Berserk, Trog's Hand


You were in the Dungeon.
You worshipped Trog.
Trog was most pleased with you.
You visited 1 branch You collected 270 gold pieces.

Inventory:

Hand Weapons
 a - a +0 hand axe (weapon)
Armour
 b - a +0 animal skin
 j - a +3 ring mail (worn)
Wands
 i - a wand of mindburst (5)
Scrolls
 h - a scroll of blinking
Potions
 c - a potion of curing
 d - a potion of heal wounds
 e - a potion of haste
 f - 2 potions of magic
 g - a potion of berserk rage


   Skills:
 + Level 12.7 Fighting
 + Level 12.7 Axes
 + Level 7.7 Armour
 + Level 6.8 Dodging
 + Level 0.5 Stealth


You had 6 spell levels left.
You didn't know any spells.
Your spell library was empty.

Dungeon Overview and Level Annotations

Branches:
Dungeon (1/1)

Altars:
Makhleb
Xom
Jiyva
Lugonu


Innate Abilities, Weirdness & Mutations

You have a pair of horns on your head.
You reflexively headbutt those who attack you in melee.


Message History

The kobold demonologist hits you but does no damage. x2
The sun demon hits you!
You are engulfed in flames!
The kobold demonologist looks encouraged for a moment.
The floating eye gazes piercingly through you!
You shrug off the repeated paralysis!
The sun demon hits you but does no damage.
The kobold demonologist hits you but does no damage.
The sun demon hits you!
* * * LOW HITPOINT WARNING * * *
You are engulfed in flames!
* * * LOW HITPOINT WARNING * * *
The kobold demonologist mumbles some strange words.
The floating eye seems to glare at you.
The kobold demonologist gestures wildly while chanting.
You can move again.
You slice the floating eye!!
You kill the floating eye!
Trog accepts your kill.
You hit the kobold demonologist.
You hit the kobold demonologist but do no damage.
You hit the sun demon.
The sun demon hits you but does no damage.
The kobold demonologist completely misses you. x2
You furiously retaliate!
You headbutt the kobold demonologist!
Your Dodging skill increases to level 6!
You have reached level 7!
You slice the kobold demonologist!! You headbutt the kobold demonologist.
You kill the kobold demonologist!
Trog accepts your kill.
Trog appreciates your killing of a magic user.
The quasit disappears in a puff of smoke!
The shadow imp disappears in a puff of smoke!
You miss the kobold demonologist. You slash the sun demon!
Your Fighting skill increases to level 12!
Your Axes skill increases to level 12!
Your Armour skill increases to level 7!
Unknown command.
You slash the kobold demonologist!
The kobold demonologist is moderately wounded.
You completely miss the sun demon. The sun demon hits you!
You die...

####################
').#..'..#__#..3@.§#
#..').#..'..'..#K).#
##'#####+#__####§§5+
#..# #### ##### ####


You could see a sun demon (summoned), a kobold demonologist and a crimson imp
(summoned).

Vanquished Creatures
  A kobold demonologist (D)
  A slime creature (D)
  Sigmund (D)
  A floating eye (D)
  An ogre (D)
  Ijyb (D)
6 creatures vanquished.

Notes
Turn   | Place    | Note
-------+----------+-------------------------------------------
     0 | D        | boopmooplesden the Minotaur Berserker began the quest for
                  | the Orb.
     0 | D        | Reached XP level 1. HP: 19/19 MP: 0/0
     1 | D        | Noticed Ijyb
     9 | D        | Killed Ijyb
    10 | D        | Reached skill level 5 in Fighting
    10 | D        | Reached skill level 5 in Axes
    10 | D        | Reached XP level 2. HP: 27/29 MP: 1/1
   233 | D        | Noticed an ogre
   238 | D        | Killed an ogre
   239 | D        | Reached XP level 3. HP: 40/40 MP: 2/2
   239 | D        | Reached XP level 4. HP: 48/48 MP: 3/3
   368 | D        | Noticed Sigmund
   375 | D        | Killed Sigmund
   375 | D        | Reached ** piety under Trog
   376 | D        | Reached skill level 10 in Axes
   376 | D        | Reached skill level 5 in Armour
   376 | D        | Reached skill level 5 in Dodging
   376 | D        | Reached XP level 5. HP: 58/58 MP: 4/4
   376 | D        | Reached XP level 6. HP: 66/66 MP: 5/5
   414 | D        | Found a burning altar of Makhleb.
   414 | D        | Found a viscous altar of Jiyva.
   414 | D        | Found a shimmering altar of Xom.
   414 | D        | Found a corrupted altar of Lugonu.
   414 | D        | Noticed a slime creature
   422 | D        | Killed a slime creature
   458 | D        | Noticed a kobold demonologist
   458 | D        | Noticed a floating eye
   459 | D        | Noticed a kobold demonologist
   461 | D        | Noticed a sun demon
   461 | D        | Paralysed by a floating eye for 4 turns
   466 | D        | Killed a floating eye
   467 | D        | Reached XP level 7. HP: 12/75 MP: 6/6
   467 | D        | Killed a kobold demonologist
   467 | D        | Reached *** piety under Trog
   468 | D        | Slain by a sun demon

Illustrated notes

Levels and vault maps discovered:
D:        dungeon_sprint_1 [red_sonja_temple_1, red_sonja_temple_small_1]

Skill      XL: |  1  2  3  4  5  6  7 |
---------------+----------------------+-----
Fighting       | 5 7 9 11 12 | 12.7
Axes           | 5 7 10 11 12 | 12.7
Armour         | 3 4 5 6 7 |  7.7
Dodging        | 3 5 6 |  6.8
Stealth        | |  0.5

Action                   |  1- 3 |  4- 6 |  7- 9 || total
-------------------------+-------+-------+-------++-------
Melee: Hand axe          |    11 |    13 |     2 ||    26
       Headbutt          |     3 |     1 |     1 ||     5
       Punch             |     1 |       |       ||     1
Invok: Berserk           |     2 |     3 |       ||     5
Armor: Ring mail         |     1 |     5 |       ||     6
Dodge: Dodged            |     2 |     2 |       ||     4
